[Event "ICC tourney 2532 (25 5)"]
[Site "Internet Chess Club"]
[Date "2021.04.24"]
[Round "1"]
[White "GALVAN, EFRAIN:K12-15644368"]
[Black "NAIR, ADVAIT:K12-15900267"]
[Result "0-1"]
[ICCResult "White checkmated"]
[WhiteElo "510"]
[BlackElo "1749"]
[Opening "Queen's pawn game"]
[ECO "D04"]
[Time "11:28:13"]
[PlyCount "88"]
[TimeControl "1500+5"]

1. e3 d5 2. d4 Nf6 3. Nf3 Bg4 4. Be2 Nbd7 5. Nc3 e6 6. O-O Be7 7. Bd3 O-O
8. e4 dxe4 9. Nxe4 c6 10. Bd2 Nxe4 11. Bxe4 Nf6 12. Bd3 Bxf3 13. Qxf3 Qxd4
14. Bg5 Nd5 15. Qh3 f5 16. Bxe7 Nxe7 17. Rae1 Rf6 18. c3 Qd6 19. Rd1 Qc7
20. Bc4 Nd5 21. Rd3 Nf4 22. Qf3 Nxd3 23. Qxd3 Rd8 24. Qe2 Re8 25. Qh5 Qf7
26. Qh3 f4 27. f3 b5 28. Be2 Rh6 29. Qg4 Rg6 30. Qh5 Rxg2+ 31. Kxg2 Qxh5
32. Kh1 e5 33. b4 e4 34. a3 e3 35. Rd1 Qh4 36. Rd7 Qe1+ 37. Kg2 Qxe2+ 38.
Kh3 Qxf3+ 39. Kh4 Qf2+ 40. Kg5 Re5+ 41. Kg4 Qg2+ 42. Kh4 g5+ 43. Kh5 g4+
44. Kh6 Qh3# { White checkmated } 0-1

[Event "ICC tourney 2532 (25 5)"]
[Site "Internet Chess Club"]
[Date "2021.04.24"]
[Round "1"]
[White "BHALOO, ADAM:K12-15234397"]
[Black "GNANAKUMAR, SATHYA:K12-14762706"]
[Result "1/2-1/2"]
[ICCResult "Game drawn by repetition"]
[WhiteElo "899"]
[BlackElo "1960"]
[Opening "King's Indian: 4.e4"]
[ECO "E70"]
[NIC "KI.31"]
[Time "11:02:03"]
[PlyCount "90"]
[TimeControl "1500+5"]

1. d4 Nf6 2. c4 g6 3. Nc3 Bg7 4. e4 d6 5. d5 O-O 6. Bf4 a5 7. Bd3 Na6 8. a3
Nc5 9. Bc2 e6 10. Nge2 exd5 11. cxd5 Nh5 12. Be3 Qh4 13. O-O Bg4 14. f3 Bd7
15. Nd4 Be5 16. f4 Bxf4 17. Rxf4 Nxf4 18. Qd2 g5 19. Nf3 Qh5 20. e5 h6 21.
Bxc5 dxc5 22. Ne4 f5 23. Nf6+ Rxf6 24. exf6 Re8 25. Re1 Rxe1+ 26. Qxe1 Qf7
27. Qe5 Nxd5 28. Bb3 Be6 29. Bxd5 Bxd5 30. Qxf5 Bxf3 31. gxf3 b6 32. b4
axb4 33. Qc8+ Kh7 34. Qf5+ Kh8 35. Qc8+ Kh7 36. Qf5+ Kg8 37. Qc8+ Kh7 38.
Qf5+ Kg8 39. Qc8+ Kh7 40. Qf5+ Kg8 41. Qc8+ Kh7 42. Qf5+ Kg8 43. Qc8+ Kh7
44. Qf5+ Kg8 45. Qc8+ Kh7 { Game drawn by repetition } 1/2-1/2

[Event "ICC tourney 2532 (25 5)"]
[Site "Internet Chess Club"]
[Date "2021.04.24"]
[Round "1"]
[White "ZHOU, LEONARDO:K12-30049875"]
[Black "HELLER, JACK:K12-15613715"]
[Result "0-1"]
[ICCResult "White checkmated"]
[WhiteElo "847"]
[BlackElo "1927"]
[Opening "Sicilian"]
[ECO "B50"]
[NIC "SI.01"]
[Time "11:01:51"]
[PlyCount "96"]
[TimeControl "1500+5"]

1. e4 c5 2. Nf3 d6 3. c3 Nf6 4. Qc2 e6 5. d4 cxd4 6. cxd4 Be7 7. Bb5+ Bd7
8. Bxd7+ Nbxd7 9. O-O O-O 10. Nc3 Rc8 11. Qe2 a6 12. a3 b5 13. Bd2 Nb6 14.
Be3 Nc4 15. Rac1 Qb6 16. e5 Nd5 17. Ne4 dxe5 18. Nxe5 Nxe5 19. dxe5 Nxe3
20. Qxe3 Qxe3 21. fxe3 f5 22. Ng3 Bc5 23. Rce1 f4 24. Ne4 Bxe3+ 25. Kh1 Rc2
26. g3 Rxb2 27. Ng5 Rf5 28. gxf4 Bxf4 29. Nxe6 Rxh2+ 30. Kg1 Rh4 31. Nxf4
Rhxf4 32. Rxf4 Rxf4 33. Re3 Kf7 34. e6+ Ke7 35. Kg2 Rf6 36. Rg3 Rg6 37.
Rxg6 hxg6 38. Kf3 Kxe6 39. Ke4 g5 40. Kf3 a5 41. Kg4 b4 42. axb4 axb4 43.
Kxg5 b3 44. Kg6 b2 45. Kxg7 b1=Q 46. Kf8 Qb7 47. Kg8 Kf6 48. Kh8 Qg7# {
White checkmated } 0-1

[Event "ICC tourney 2532 (25 5)"]
[Site "Internet Chess Club"]
[Date "2021.04.24"]
[Round "1"]
[White "LENCZ, ETHAN:K12-15209290"]
[Black "ALBION ZHANG, NATHANIEL:K12-14885012"]
[Result "0-1"]
[ICCResult "White checkmated"]
[WhiteElo "1070"]
[BlackElo "2150"]
[Opening "Caro-Kann: Tartakower (Nimzovich) variation"]
[ECO "B15"]
[NIC "CK.06"]
[Time "11:02:23"]
[PlyCount "86"]
[TimeControl "1500+5"]

1. e4 c6 2. d4 d5 3. Nc3 dxe4 4. Nxe4 Nf6 5. Nxf6+ exf6 6. Nf3 Bd6 7. Bd3
O-O 8. c4 Re8+ 9. Be3 Bb4+ 10. Nd2 Qxd4 11. Qc2 Qh4 12. O-O-O Bg4 13. Rdf1
Nd7 14. h3 Be6 15. Nf3 Qh5 16. g4 Qa5 17. Kb1 Nf8 18. g5 f5 19. Nd4 Rad8
20. Nxe6 fxe6 21. h4 Nd7 22. h5 Ne5 23. Be2 Bd2 24. Rd1 Bxe3 25. fxe3 Qc5
26. e4 f4 27. Rhf1 Rxd1+ 28. Rxd1 f3 29. Bf1 Qe3 30. Qd2 Qxe4+ 31. Bd3 Nxd3
32. Qxd3 Qxd3+ 33. Rxd3 Rf8 34. Rd1 e5 35. Kc2 e4 36. Kd2 Rd8+ 37. Ke1 f2+
38. Ke2 Rxd1 39. Kxd1 f1=Q+ 40. Kd2 Qd3+ 41. Ke1 e3 42. b4 Qd2+ 43. Kf1
Qf2# { White checkmated } 0-1

[Event "ICC tourney 2532 (25 5)"]
[Site "Internet Chess Club"]
[Date "2021.04.24"]
[Round "1"]
[White "K ENG, ANDREW:K12-14538963"]
[Black "HUNG, DANIEL:K12-14504425"]
[Result "0-1"]
[ICCResult "White checkmated"]
[WhiteElo "1106"]
[BlackElo "2185"]
[Opening "French: advance, Milner-Barry gambit"]
[ECO "C02"]
[NIC "FR.03"]
[Time "11:02:40"]
[PlyCount "60"]
[TimeControl "1500+5"]

1. e4 e6 2. d4 d5 3. e5 c5 4. c3 Nc6 5. Nf3 Qb6 6. Bd3 cxd4 7. cxd4 Bd7 8.
Bc2 Nb4 9. Nc3 Nxc2+ 10. Qxc2 Ne7 11. O-O Nc6 12. Be3 Be7 13. Rac1 O-O 14.
h4 f6 15. h5 Be8 16. h6 fxe5 17. dxe5 d4 18. Na4 Qa6 19. hxg7 Kxg7 20. Bd2
d3 21. Qd1 Bh5 22. Nc3 Rxf3 23. gxf3 Nd4 24. Kh2 Nxf3+ 25. Kh1 Qc4 26. Rg1+
Kh8 27. Rg3 Qh4+ 28. Kg2 Qh2+ 29. Kf1 Qh1+ 30. Rg1 Qxg1# { White checkmated
} 0-1

[Event "ICC tourney 2532 (25 5)"]
[Site "Internet Chess Club"]
[Date "2021.04.24"]
[Round "1"]
[White "FLORES, NANCY:K12-15939190"]
[Black "KOLAKALETI, SUSHEN:K12-15197630"]
[Result "0-1"]
[ICCResult "White resigns"]
[WhiteElo "407"]
[BlackElo "1676"]
[Opening "QGD"]
[ECO "D52"]
[NIC "QO.16"]
[Time "11:02:43"]
[PlyCount "104"]
[TimeControl "1500+5"]

1. d4 d5 2. c4 e6 3. Nc3 Nf6 4. Bg5 c6 5. Nf3 Nbd7 6. e3 Be7 7. a3 h6 8.
Bxf6 Nxf6 9. Bd3 b6 10. b4 c5 11. bxc5 bxc5 12. cxd5 Nxd5 13. Nxd5 Qxd5 14.
Bb5+ Bd7 15. Rb1 O-O 16. O-O cxd4 17. Bxd7 Qxd7 18. exd4 Bxa3 19. Ne5 Qd5
20. Rb3 Bd6 21. Nf3 Rfb8 22. Rxb8+ Rxb8 23. Qe2 a5 24. Ra1 Bb4 25. Qd3 Rc8
26. Ne5 Rd8 27. Nc4 Qxd4 28. Qxd4 Rxd4 29. Ne3 Kf8 30. Nc2 Rc4 31. Nxb4
Rxb4 32. g3 a4 33. Ra3 Ke7 34. Kf1 Kd6 35. Ke2 Kc5 36. Kd2 Rb2+ 37. Kc1
Rxf2 38. Rxa4 Rxh2 39. Ra7 Rf2 40. Rc7+ Kd6 41. Ra7 Ke5 42. Kd1 Rf3 43. g4
Kf6 44. Ra5 Rf4 45. Ke2 Rxg4 46. Kf3 Rg5 47. Ra4 Rf5+ 48. Kg4 h5+ 49. Kh4
g6 50. Re4 e5 51. Rc4 Rf4+ 52. Rxf4+ exf4 { White resigns } 0-1

[Event "ICC tourney 2532 (25 5)"]
[Site "Internet Chess Club"]
[Date "2021.04.24"]
[Round "1"]
[White "TSAY, VINCENT:K12-15297685"]
[Black "BRAWER, GRIFFIN:K12-15017121"]
[Result "1-0"]
[ICCResult "Black checkmated"]
[WhiteElo "2392"]
[BlackElo "1241"]
[Opening "QGD: Tarrasch, Wagner variation"]
[ECO "D33"]
[NIC "QP.08"]
[Time "11:01:13"]
[PlyCount "97"]
[TimeControl "1500+5"]

1. d4 d5 2. c4 e6 3. Nf3 Nf6 4. g3 c5 5. cxd5 exd5 6. Bg2 Nc6 7. Nc3 Bg4 8.
Bg5 Bxf3 9. Bxf3 cxd4 10. Nxd5 Qa5+ 11. Bd2 Qd8 12. Nxf6+ Qxf6 13. Rc1 Be7
14. Qb3 O-O 15. O-O Rab8 16. Rfd1 Rfd8 17. Be4 h6 18. Kg2 Kf8 19. a3 Qe5
20. Qf3 Na5 21. Bf4 Qf6 22. Bxb8 Qxf3+ 23. Bxf3 Rxb8 24. b4 Nc6 25. Bxc6
bxc6 26. Rxd4 Bf6 27. Rdc4 Bb2 28. Rb1 Bxa3 29. Rb3 Bxb4 30. Rbxb4 Rxb4 31.
Rxb4 a5 32. Rc4 a4 33. Rxc6 a3 34. Ra6 a2 35. Rxa2 Ke7 36. Ra6 f6 37. h4
Kf7 38. h5 Ke7 39. Kf3 Kf7 40. Kf4 Ke7 41. Kf5 Kf7 42. e4 Ke7 43. f4 Kf7
44. Ra7+ Kf8 45. Ke6 Kg8 46. Ra8+ Kh7 47. Kf7 f5 48. e5 g5 49. hxg6# {
Black checkmated } 1-0

[Event "ICC tourney 2532 (25 5)"]
[Site "Internet Chess Club"]
[Date "2021.04.24"]
[Round "1"]
[White "GUNDAM, ROHIT:K12-14908373"]
[Black "RIONAULA, LEONARD:K12-15936796"]
[Result "1-0"]
[ICCResult "Black resigns"]
[WhiteElo "2190"]
[BlackElo "1116"]
[Opening "QGD"]
[ECO "D51"]
[NIC "QO.16"]
[Time "11:01:45"]
[PlyCount "77"]
[TimeControl "1500+5"]

1. d4 d5 2. c4 e6 3. Nc3 Nf6 4. Bg5 Nbd7 5. e3 h6 6. Bh4 Be7 7. Rc1 O-O 8.
Nf3 Ne4 9. Bxe7 Qxe7 10. cxd5 Nxc3 11. Rxc3 exd5 12. Rxc7 Qb4+ 13. Qd2 Qb6
14. Rc3 Nf6 15. Bd3 g6 16. O-O Bf5 17. Bxf5 gxf5 18. Rb3 Qa6 19. Qd3 Qxa2
20. Ra3 Qc4 21. Qxf5 Qc6 22. Ne5 Qe6 23. Qxe6 fxe6 24. Rc1 a6 25. f3 Ne8
26. Rb3 Nd6 27. Rb6 Rad8 28. Kf2 Rf6 29. Rc7 Rff8 30. Nd7 Nc4 31. Rbxb7 Rf5
32. g4 Rf7 33. Nc5 Rxc7 34. Rxc7 Nxb2 35. Nxe6 Ra8 36. Rb7 Nc4 37. Nc7 Nd6
38. Rb6 Nc4 39. Nxa8 { Black resigns } 1-0

[Event "ICC tourney 2532 (25 5)"]
[Site "Internet Chess Club"]
[Date "2021.04.24"]
[Round "1"]
[White "QIAN, BILL:K12-15206304"]
[Black "RAINEY, ERIK:K12-16504721"]
[Result "1-0"]
[ICCResult "Black checkmated"]
[WhiteElo "1848"]
[BlackElo "735"]
[Opening "Scotch opening"]
[ECO "C44"]
[NIC "VO.05"]
[Time "11:07:18"]
[PlyCount "51"]
[TimeControl "1500+5"]

1. e4 Nc6 2. Nf3 e5 3. d4 d6 4. Bc4 Bg4 5. c3 Nf6 6. Qb3 Rb8 7. Bxf7+ Ke7
8. dxe5 dxe5 9. Nbd2 h6 10. O-O Qd6 11. Nh4 Nd8 12. Ng6+ Kd7 13. Nxh8 Qd3
14. Ng6 Bd6 15. Bc4 Qxf1+ 16. Kxf1 Nc6 17. h3 Bh5 18. Nh4 g5 19. Nf5 g4 20.
Nxh6 gxh3 21. Be6+ Ke7 22. Bxh3 Re8 23. Qe6+ Kd8 24. Qxf6+ Ne7 25. Qe6 Nc6
26. Qd7# { Black checkmated } 1-0

[Event "ICC tourney 2532 (25 5)"]
[Site "Internet Chess Club"]
[Date "2021.04.24"]
[Round "1"]
[White "VELIDANDLA, SARVAGNA:K12-15123300"]
[Black "CRNKOVICH, LEIF:K12-30020685"]
[Result "1-0"]
[ICCResult "Black checkmated"]
[WhiteElo "1802"]
[BlackElo "634"]
[Opening "QGD: 4.Bg5"]
[ECO "D50"]
[NIC "QO.16"]
[Time "11:01:38"]
[PlyCount "131"]
[TimeControl "1500+5"]

1. d4 d5 2. c4 e6 3. Nc3 Nf6 4. Bg5 Bb4 5. e3 Bxc3+ 6. bxc3 h6 7. Bh4 O-O
8. Nf3 Bd7 9. Qb3 Bc6 10. c5 Nbd7 11. Be2 Rb8 12. O-O b5 13. Qa3 Rb7 14.
Qa6 Nb8 15. Qa5 Re8 16. Rab1 a6 17. Ne5 Bd7 18. a4 c6 19. Qb4 g5 20. Bg3
Ne4 21. Bh5 Rf8 22. Rb2 Nxg3 23. hxg3 f6 24. Nd3 Qc7 25. Rfb1 Be8 26. Bg4
Bd7 27. Ne1 Re8 28. Bh5 Re7 29. Bg6 Be8 30. Bd3 Nd7 31. c4 dxc4 32. Bxc4
Bg6 33. Ra1 a5 34. Qb3 b4 35. Bxe6+ Kf8 36. Nf3 Bf7 37. Bxf7 Rxf7 38. Nd2
Ra7 39. Nc4 Re7 40. Nd6 Kg7 41. Nf5+ Kf8 42. Nxe7 Kxe7 43. Qg8 Qb8 44. Qg7+
Ke6 45. Qxh6 Qf8 46. Qh7 Qf7 47. Qe4+ Ne5 48. dxe5 fxe5 49. Qxc6+ Kf5 50.
Qf3+ Kg6 51. Qxf7+ Kxf7 52. Rd1 Rc7 53. Rd5 Ke6 54. Rbd2 b3 55. Rd6+ Ke7
56. Rb6 Rxc5 57. Rxb3 Rc1+ 58. Kh2 Rc7 59. Rb5 Kf6 60. Rxa5 Rh7+ 61. Kg1
Rh1+ 62. Kxh1 g4 63. Rd6+ Kf5 64. f3 gxf3 65. gxf3 Kg5 66. Rxe5# { Black
checkmated } 1-0

[Event "ICC tourney 2532 (25 5)"]
[Site "Internet Chess Club"]
[Date "2021.04.24"]
[Round "1"]
[White "AWASTHI, ATHARVA:K12-15383400"]
[Black "LEVKOV, DANIEL:K12-14218690"]
[Result "0-1"]
[ICCResult "White resigns"]
[WhiteElo "1080"]
[BlackElo "2159"]
[Opening "Sicilian: dragon, classical, 9.Nb3"]
[ECO "B74"]
[NIC "SI.16"]
[Time "11:05:38"]
[PlyCount "56"]
[TimeControl "1500+5"]

1. e4 c5 2. Nf3 d6 3. d4 cxd4 4. Nxd4 Nf6 5. Nc3 g6 6. Be3 Bg7 7. Be2 O-O
8. O-O Nc6 9. Nb3 Bd7 10. f4 Rc8 11. a3 a6 12. g4 Be6 13. g5 Ne8 14. f5
Bxb3 15. cxb3 Nc7 16. Bg4 gxf5 17. exf5 Bxc3 18. bxc3 Ne5 19. Bh5 Ne8 20.
Bd4 Ng7 21. f6 exf6 22. gxf6 Ne6 23. Bg4 Nxg4 24. Qxg4+ Kh8 25. Qh5 Rg8+
26. Kh1 Qd7 27. Rae1 Rg5 28. Qh6 Qc6+ { White resigns } 0-1

[Event "ICC tourney 2532 (25 5)"]
[Site "Internet Chess Club"]
[Date "2021.04.24"]
[Round "1"]
[White "NOZAKI, MAO:K12-14766721"]
[Black "PALLIYATH, YUVRAJ:K12-17213791"]
[Result "1-0"]
[ICCResult "Black checkmated"]
[WhiteElo "1715"]
[BlackElo "473"]
[Opening "QGD Slav defense"]
[ECO "D10"]
[NIC "SL.01"]
[Time "11:01:52"]
[PlyCount "97"]
[TimeControl "1500+5"]

1. d4 d5 2. c4 c6 3. Nc3 Nf6 4. e3 Bf5 5. Qb3 Qc7 6. cxd5 cxd5 7. Nxd5 Qa5+
8. Nc3 Qc7 9. Nf3 e6 10. Bc4 Bd6 11. O-O O-O 12. Bd2 a6 13. Rac1 Rc8 14. e4
Bxe4 15. Nxe4 Nxe4 16. Bxe6 Bxh2+ 17. Nxh2 Nc6 18. Bxc8 Nxd2 19. Qxb7 Rxc8
20. Qxc7 Rxc7 21. Rfe1 Re7 22. Red1 g6 23. Rxc6 Re2 24. Rc2 Nf3+ 25. Nxf3
Rxc2 26. Rd2 Rc8 27. d5 f6 28. Nd4 Kf7 29. Nc6 Ke8 30. Kh2 Kd7 31. Kg3 Re8
32. a4 Kd6 33. b4 Re4 34. b5 axb5 35. axb5 Re1 36. b6 Rb1 37. Na5 Kd7 38.
b7 Rb5 39. d6 f5 40. Kf4 h6 41. Re2 Kxd6 42. Re8 Kc7 43. Rc8+ Kb6 44. b8=Q+
Kxa5 45. Qc7+ Ka4 46. Qc2+ Kb4 47. Qc3+ Ka4 48. Ra8+ Ra5 49. Rxa5# { Black
checkmated } 1-0

[Event "ICC tourney 2532 (25 5)"]
[Site "Internet Chess Club"]
[Date "2021.04.24"]
[Round "1"]
[White "MANTA, JAUSS:K12-16474385"]
[Black "S LIU, ARISTO:K12-14702445"]
[Result "1-0"]
[ICCResult "Black checkmated"]
[WhiteElo "1160"]
[BlackElo "2254"]
[Opening "Queen's pawn, Mason variation, Steinitz counter-gambit"]
[ECO "D00"]
[NIC "QP.08"]
[Time "11:02:23"]
[PlyCount "129"]
[TimeControl "1500+5"]

1. d4 d5 2. Bf4 c5 3. e3 Nc6 4. c3 Bf5 5. Bd3 Bxd3 6. Qxd3 Qb6 7. Qe2 f6 8.
Nf3 e6 9. Nbd2 Nge7 10. O-O Ng6 11. Rfe1 Be7 12. h4 e5 13. dxe5 fxe5 14.
Bg3 e4 15. Ng5 Bxg5 16. hxg5 O-O 17. c4 d4 18. Nxe4 Rae8 19. Qg4 Nce5 20.
Bxe5 Nxe5 21. Qg3 Kh8 22. exd4 cxd4 23. b3 d3 24. Rad1 Qg6 25. Nc5 Nf3+ 26.
gxf3 Rxe1+ 27. Rxe1 d2 28. Rd1 Qc2 29. Rf1 d1=Q 30. Rxd1 Qxd1+ 31. Kg2 b6
32. Ne6 Rg8 33. g6 h6 34. Ng5 Rf8 35. Nf7+ Kg8 36. Qc7 Qd2 37. Qxa7 Qf4 38.
Qxb6 h5 39. Qc5 Rxf7 40. gxf7+ Kxf7 41. Qxh5+ Kf8 42. a4 Qd6 43. Qd5 Qg6+
44. Kh3 Qh6+ 45. Kg3 Qg6+ 46. Kf4 Qh6+ 47. Ke4 Qh4+ 48. Kd3 Qxf2 49. c5
Qf1+ 50. Kd4 Qf2+ 51. Kc4 Qe2+ 52. Kb4 Qe1+ 53. Kb5 Qe2+ 54. Kb6 Qe3 55. b4
Qa3 56. Kb5 Qb2 57. c6 Qe2+ 58. Kb6 Qe1 59. b5 Qe8 60. c7 Qg6+ 61. Qc6 Qg1+
62. Kb7 Kg8 63. Qe8+ Kh7 64. Qh5+ Kg8 65. c8=Q# { Black checkmated } 1-0

[Event "ICC tourney 2532 (25 5)"]
[Site "Internet Chess Club"]
[Date "2021.04.24"]
[Round "1"]
[White "SARTORIO, WILLIAM:K12-14715380"]
[Black "KHAN, SAMI:K12-17055117"]
[Result "1-0"]
[ICCResult "Black checkmated"]
[WhiteElo "2063"]
[BlackElo "1014"]
[Opening "Sicilian: Kan, 5.Nc3"]
[ECO "B43"]
[NIC "SI.41"]
[Time "11:02:29"]
[PlyCount "133"]
[TimeControl "1500+5"]

1. e4 c5 2. Nf3 e6 3. d4 cxd4 4. Nxd4 a6 5. Nc3 Qc7 6. Bd3 Nf6 7. O-O b5 8.
a3 Bb7 9. Be3 Be7 10. f4 d6 11. Qe2 Nbd7 12. Kh1 O-O 13. Rae1 Nc5 14. Bg1
Nxd3 15. Qxd3 Rfd8 16. Qh3 Rac8 17. e5 Nd5 18. Nxe6 fxe6 19. Qxe6+ Kh8 20.
Nxd5 Bxd5 21. Qxd5 dxe5 22. Qxe5 Qxe5 23. fxe5 Rxc2 24. Rf7 Bg5 25. e6 Re8
26. Bd4 Bf6 27. Bxf6 gxf6 28. Rxf6 Rxb2 29. h4 Rc2 30. e7 Kg7 31. Rxa6 Rc7
32. Rae6 Kf7 33. R6e5 Kg7 34. Kh2 Kf6 35. Rxb5 Rexe7 36. Rxe7 Rxe7 37. a4
Re4 38. a5 Rxh4+ 39. Kg3 Ra4 40. Rb6+ Kg7 41. a6 Kg8 42. Rb8+ Kg7 43. Rb7+
Kg6 44. a7 h6 45. Kf3 Kf6 46. Ke3 Ke6 47. Rh7 Kd6 48. Rxh6+ Kc7 49. Rh7+
Kb6 50. Kf3 Ra3+ 51. Kg4 Ra4+ 52. Kf5 Ra5+ 53. Ke6 Rxa7 54. Rxa7 Kxa7 55.
g4 Ka6 56. g5 Kb5 57. g6 Kc4 58. g7 Kd3 59. g8=Q Ke3 60. Ke5 Kd3 61. Qd5+
Ke2 62. Ke4 Kf2 63. Qd2+ Kg3 64. Qe2 Kh4 65. Qg2 Kh5 66. Kf5 Kh4 67. Qg4# {
Black checkmated } 1-0

[Event "ICC tourney 2532 (25 5)"]
[Site "Internet Chess Club"]
[Date "2021.04.24"]
[Round "1"]
[White "MCCOY, OWEN:K12-14447115"]
[Black "POLLARD, VAIDEN:K12-14600991"]
[Result "1-0"]
[ICCResult "Black checkmated"]
[WhiteElo "2251"]
[BlackElo "1156"]
[Opening "Levitsky attack (Queen's bishop attack)"]
[ECO "D00"]
[NIC "QP.08"]
[Time "11:02:03"]
[PlyCount "95"]
[TimeControl "1500+5"]

1. d4 d5 2. Bg5 Nc6 3. e3 Nf6 4. Nd2 Bf5 5. c3 e6 6. Ngf3 Be7 7. Qb3 Rb8 8.
Be2 O-O 9. O-O Ne4 10. Bxe7 Qxe7 11. Nxe4 Bxe4 12. Nd2 Bf5 13. Rac1 a6 14.
Bf3 Rfd8 15. e4 dxe4 16. Nxe4 Qh4 17. Ng3 Qg5 18. Qa3 Rd6 19. Rfe1 h6 20.
b3 Rbd8 21. Re3 Qf6 22. Rce1 b5 23. Qc5 Ne7 24. Qxc7 Nd5 25. Bxd5 Rxd5 26.
b4 R5d7 27. Qf4 g5 28. Qf3 Qg6 29. Nf1 h5 30. Nd2 Bg4 31. Qg3 Qc2 32. Ne4
f5 33. Nxg5 f4 34. Qxf4 Rf8 35. Qg3 Qxa2 36. f3 Rg7 37. h4 Bf5 38. Qf2 Qd5
39. Re5 Qc4 40. Rc5 Qb3 41. Ra1 Ra8 42. Qa2 Qxa2 43. Rxa2 Rg6 44. Rxb5 Bb1
45. Ra1 Bd3 46. Rc5 Kg7 47. Rc7+ Kf6 48. Rf7# { Black checkmated } 1-0

[Event "ICC tourney 2532 (25 5)"]
[Site "Internet Chess Club"]
[Date "2021.04.24"]
[Round "1"]
[White "MANIACI, MARCO:K12-16925452"]
[Black "CYRIL DAVIS, GEOFFREY:K12-14879788"]
[Result "0-1"]
[ICCResult "White resigns"]
[WhiteElo "1051"]
[BlackElo "2082"]
[Opening "Neo-Grünfeld, 6.cd Nxd5, 7.O-O"]
[ECO "D74"]
[NIC "KI.80"]
[Time "11:14:46"]
[PlyCount "58"]
[TimeControl "1500+5"]

1. d4 Nf6 2. c4 g6 3. Nf3 Bg7 4. g3 d5 5. cxd5 Nxd5 6. Bg2 O-O 7. O-O h6 8.
Nc3 Nb6 9. Ne5 N8d7 10. Nxd7 Qxd7 11. e3 c6 12. b3 e5 13. dxe5 Bxe5 14. Bb2
Qe7 15. Qe2 Bd7 16. Ne4 Rad8 17. Bxe5 Qxe5 18. Rad1 Bc8 19. f4 Qe7 20. Qb2
f5 21. Rxd8 Rxd8 22. Nf6+ Kf7 23. Nh7 Qxe3+ 24. Kh1 Qd4 25. Qe2 Re8 26. Qc2
Kg8 27. Bxc6 bxc6 28. Qxc6 Kxh7 29. Qxe8 Bb7+ { White resigns } 0-1

[Event "ICC tourney 2532 (25 5)"]
[Site "Internet Chess Club"]
[Date "2021.04.24"]
[Round "1"]
[White "LENCZ, HARRIS:K12-14409837"]
[Black "METWALLY, ISMAEL:K12-14849072"]
[Result "0-1"]
[ICCResult "White checkmated"]
[WhiteElo "1899"]
[BlackElo "786"]
[Opening "Ruy Lopez: Berlin defense"]
[ECO "C65"]
[NIC "RL.07"]
[Time "11:01:27"]
[PlyCount "116"]
[TimeControl "1500+5"]

1. e4 e5 2. Nf3 Nc6 3. Bb5 Nf6 4. d3 d6 5. O-O Bd7 6. c3 Ne7 7. Bc4 Nc6 8.
Ng5 d5 9. exd5 Na5 10. Re1 Bd6 11. b4 Nxc4 12. dxc4 h6 13. Nf3 O-O 14. Nxe5
Re8 15. Bf4 Ng4 16. Nd3 Rxe1+ 17. Qxe1 Bxf4 18. Nxf4 Qh4 19. h3 Re8 20. Qd2
Nxf2 21. Na3 Ne4 22. Qe3 Ng5 23. Qf2 Qxf2+ 24. Kxf2 Ne4+ 25. Kf3 Nxc3 26.
Nc2 g5 27. Nh5 Ne4 28. Re1 f5 29. Nd4 Kf7 30. c5 Nc3 31. Rxe8 Bxe8 32. Nxf5
Nxd5 33. a3 Bc6 34. Kf2 Bd7 35. Nd4 Nc3 36. Ke3 Nb1 37. Ng3 Nxa3 38. Ne4
Nc4+ 39. Kd3 Ne5+ 40. Ke3 Nc6 41. Nb5 Nxb4 42. Nxa7 Nd5+ 43. Kf3 b6 44.
cxb6 cxb6 45. Nd6+ Ke6 46. Nc4 b5 47. Nb2 Kd6 48. Nd3 Kc7 49. Ne5 b4 50.
Ke2 Ba4 51. Nf7 Kb7 52. Nxh6 Kxa7 53. Nf7 b3 54. Nxg5 b2 55. h4 b1=Q 56.
Kf2 Qb2+ 57. Kg1 Ne3 58. Kh1 Qxg2# { White checkmated } 0-1

[Event "ICC tourney 2532 (25 5)"]
[Site "Internet Chess Club"]
[Date "2021.04.24"]
[Round "1"]
[White "RECCE, BRANDON:K12-14991688"]
[Black "MERO, DANIEL:K12-15247388"]
[Result "0-1"]
[ICCResult "White resigns"]
[WhiteElo "743"]
[BlackElo "1858"]
[Opening "Sicilian: closed, 2...Nc6"]
[ECO "B23"]
[NIC "SI.44"]
[Time "11:01:15"]
[PlyCount "120"]
[TimeControl "1500+5"]

1. e4 c5 2. Nc3 Nc6 3. Bc4 d6 4. d3 Nf6 5. Bg5 e6 6. Bb5 Be7 7. Nf3 O-O 8.
O-O Qb6 9. a4 a6 10. Bc4 Qxb2 11. Qd2 Qb6 12. Rfb1 Qd8 13. Ne2 Ng4 14. Bxe7
Qxe7 15. h3 Nge5 16. Nxe5 Nxe5 17. f4 Nxc4 18. dxc4 Rd8 19. Rb3 Rb8 20.
Rab1 Qd7 21. Rb6 Ra8 22. a5 d5 23. Rd1 dxc4 24. Qxd7 Rxd7 25. Nc3 Rxd1+ 26.
Nxd1 Bd7 27. Nc3 Bc6 28. Kf2 Rd8 29. Ke3 Kf8 30. Rb1 Ke7 31. g3 f5 32. e5
Rd4 33. Rd1 Rxd1 34. Nxd1 Kd7 35. Nc3 Kc7 36. h4 b6 37. axb6+ Kxb6 38. Kd2
a5 39. Kc1 a4 40. Kb2 Ka5 41. Ka3 g6 42. Kb2 Be4 43. Nb1 Kb6 44. Na3 Kc6
45. Nxc4 Bd5 46. Na3 c4 47. Kc3 Kc5 48. Kb2 Kd4 49. Nb5+ Ke3 50. Nc7 Bc6
51. Nxe6 Kf2 52. Ng7 Kxg3 53. e6 Kxh4 54. e7 Kg3 55. e8=Q Bxe8 56. Nxe8 h5
57. Nf6 h4 58. Nh5+ gxh5 59. Kc1 h3 60. Kd1 h2 { White resigns } 0-1

[Event "ICC tourney 2532 (25 5)"]
[Site "Internet Chess Club"]
[Date "2021.04.24"]
[Round "1"]
[White "WHITE, GABRIEL:K12-14675560"]
[Black "KOZINTSEV, DANIEL:K12-14508214"]
[Result "0-1"]
[ICCResult "White resigns"]
[WhiteElo "1889"]
[BlackElo "755"]
[Opening "Caro-Kann: exchange, Rubinstein variation"]
[ECO "B13"]
[NIC "CK.02"]
[Time "11:02:15"]
[PlyCount "156"]
[TimeControl "1500+5"]

1. e4 c6 2. d4 d5 3. exd5 cxd5 4. Bd3 Nc6 5. c3 Nf6 6. Bf4 g6 7. Nf3 Bg4 8.
Nbd2 Bg7 9. Qb3 Qb6 10. Qxb6 axb6 11. O-O O-O 12. Rfe1 e6 13. Bd6 Rfc8 14.
a4 Bf5 15. Bb5 Ne4 16. Nxe4 Bxe4 17. Nd2 Bc2 18. Bf4 h5 19. f3 Bf5 20. h3
Na5 21. Ra2 Bc2 22. b4 Rxc3 23. bxa5 Bxd4+ 24. Kh2 bxa5 25. Rc1 Rac8 26.
Nf1 Bb3 27. Rxc3 Rxc3 28. Ra3 Bc5 29. Ra1 Bd4 30. Rb1 Ba2 31. Rd1 e5 32.
Bd2 Rc2 33. Bxa5 f5 34. Ng3 b6 35. Bb4 Be3 36. Bd3 Rc8 37. Kh1 e4 38. Bb5
Bb3 39. Rb1 Bc2 40. Rb2 Bxa4 41. Bxa4 Rc1+ 42. Nf1 Rxf1+ 43. Kh2 Bg1+ 44.
Kg3 g5 45. h4 f4+ 46. Kh3 Bf2 47. g4 fxg3 48. fxe4 Rh1+ 49. Kg2 Rh2+ 50.
Kf1 gxh4 51. Bb3 Rh1+ 52. Kg2 h3+ 53. Kf3 g2 54. Bxd5+ Kg7 55. Bc3+ Kg6 56.
Rxf2 g1=Q 57. e5 Qd1+ 58. Ke4 Re1+ 59. Bxe1 Qxe1+ 60. Kf3 Qd1+ 61. Ke4 Qg4+
62. Rf4 Qe2+ 63. Kd4 h2 64. Rf6+ Kg5 65. Rxb6 Qf2+ 66. Kc4 Qxb6 67. e6 Qxe6
68. Bxe6 h1=Q 69. Bd5 Qc1+ 70. Kd4 Qd1+ 71. Ke5 Qxd5+ 72. Kxd5 Kg4 73. Ke4
Kg3 74. Ke3 Kg2 75. Kf4 h4 76. Kg4 h3 77. Kf4 h2 78. Ke3 h1=Q { White
resigns } 0-1

[Event "ICC tourney 2532 (25 5)"]
[Site "Internet Chess Club"]
[Date "2021.04.24"]
[Round "1"]
[White "BHAVIKATTI, NEIL:K12-14919064"]
[Black "SMIRNOV, OLIVER:K12-14791270"]
[Result "1-0"]
[ICCResult "Black resigns"]
[WhiteElo "2118"]
[BlackElo "1054"]
[Opening "Ruy Lopez: closed"]
[ECO "C97"]
[NIC "RL.24"]
[Time "11:02:41"]
[PlyCount "91"]
[TimeControl "1500+5"]

1. e4 e5 2. Nf3 Nc6 3. Bb5 a6 4. Ba4 Nf6 5. O-O b5 6. Bb3 Be7 7. Re1 d6 8.
c3 Na5 9. Bc2 c5 10. d4 Qc7 11. Nbd2 O-O 12. h3 Bd7 13. d5 Rfc8 14. Nf1 Nc4
15. Ng3 h6 16. b3 Nb6 17. Be3 c4 18. b4 a5 19. a3 Ra6 20. Qd2 Rca8 21. Rab1
axb4 22. axb4 Ra3 23. Rec1 Ra2 24. Qe1 R8a3 25. Ra1 Na4 26. Rxa2 Rxa2 27.
Bd1 Qb7 28. Be2 Nxe4 29. Nxe4 f5 30. Ned2 Qxd5 31. Nf1 f4 32. Bd2 Bf6 33.
N3h2 Bc6 34. f3 Nb2 35. Ra1 Rxa1 36. Qxa1 Nd3 37. Ng4 Bh4 38. Bxd3 Qxd3 39.
Be1 Bxe1 40. Qxe1 h5 41. Nf2 Qf5 42. Nd2 Qc2 43. Nde4 d5 44. Ng5 d4 45.
cxd4 exd4 46. Qe6+ { Black resigns } 1-0